 Dungeon Crawl Stone Soup version 0.31-a0-354-g827e0957a7 (webtiles) character file.

Game seed: 5771937151847869711

208 Bnni the Changeling (level 5, -2/35 HPs)
             Began as an Octopode Shapeshifter on July 24, 2023.
             Slain by a sleepcap (5 damage)
             ... on level 4 of the Dungeon.
             The game lasted 00:02:38 (2349 turns).

Bnni the Changeling (Octopode Shapeshifter)         Turns: 2349, Time: 00:02:39

Health: -2/35      AC:  1    Str: 14    XL:     5   Next: 86%
Magic:  5/5        EV: 13    Int: 17    God:
Gold:   177        SH:  0    Dex: 14    Spells: 3/4 levels left

rFire   . . .        i - +2 dagger (drain)
rCold   . . .        (no shield)
rNeg    . . .        (helmet currently unavailable)
rPois   .            (no amulet)
rElec   .            o - +6 ring of intelligence
rCorr   .            (no ring)
SInv    .            (no ring)
Will    .....        (no ring)
Stlth   ++           (no ring)
HPRegen 0.25/turn    (no ring)
MPRegen 0.09/turn    (no ring)
                     (no ring)

%: no passive effects
@: beast-form
A: beast (slay +3), almost no armour, amphibious, 8 rings, camouflage 1,
gelatinous body 1, (nimble swimmer 1), tentacles
a: Begin Untransformation


You were on level 4 of the Dungeon.
You were a hulking beast.
You visited 1 branch of the dungeon, and saw 4 of its levels.

You collected 177 gold pieces.

Inventory:

Hand Weapons
 i - a +2 dagger of draining (weapon)
Missiles
 f - 29 poisoned darts
Jewellery
 o - a +6 ring of intelligence (left tentacle)
Talismans
 b - a beast talisman
Scrolls
 c - 2 scrolls of identify {unknown}
 d - a scroll of torment {unknown}
 e - a scroll of acquirement
 g - 2 scrolls of revelation {unknown}
 h - 2 scrolls of teleportation {unknown}
 j - a scroll of summoning {unknown}
Potions
 a - a potion of lignification
 l - a potion of cancellation
 m - a potion of attraction {unknown}
 n - a potion of heal wounds {unknown}


   Skills:
 + Level 2.7 Fighting
 - Level 2.0 Dodging
 + Level 4.1 Unarmed Combat
 * Level 4.4 Shapeshifting


You had 3 spell levels left.
You knew the following spells:

 Your Spells              Type           Power      Damage    Failure   Level
z - Apportation           Tloc           0%         N/A       24%         1

Your spell library contained the following spells:

 Spells                   Type           Power      Damage    Failure   Level
 Magic Dart               Conj           0%         1d3       24%         1
 Necrotise                Necr           0%         1d4       24%         1
 Sting                    Tmut/Pois      0%         1d3       24%         1
 Summon Small Mammal      Summ           0%         N/A       24%         1
 Poisonous Vapours        Pois/Air       0%         N/A       34%         2
 Searing Ray              Conj           0%         2d4       34%         2
 Fulminant Prism          Conj/Hex       0%         3d5       93%         4
 Olgreb's Toxic Radiance  Pois           0%         N/A       93%         4


Dungeon Overview and Level Annotations

Branches:
Dungeon (4/15)
 Temple: D:4-7

Altars:

Annotations:
D:4 Grinder


Innate Abilities, Weirdness & Mutations

You are a hulking beast.
Your limbs bulge with bestial killing power. (Slay +3)
You cannot wear most types of armour.
You are amphibious.
You can wear up to eight rings at the same time.
Your skin changes colour to match your surroundings (Stealth+).
Your rubbery body absorbs attacks. (AC +1, EV +1)
((You are camouflaged when in or above water. (Stealth+)))
You have tentacles for arms and can constrict up to eight enemies at once.


Message History

The ufetubus is heavily wounded.
You constrict the ufetubus.
The kobold shouts!
The ufetubus closely misses you. x2; The orc completely misses you.
The ufetubus barely misses you. The ufetubus hits you.
You hit the ufetubus.
The ufetubus is almost dead.
You constrict the ufetubus.
You kill the ufetubus!
The orc hits you but does no damage.
You barely miss the kobold. Your grab misses the kobold.
The kobold hits you with a +0 dagger.
The kobold throws a stone.
The stone barely misses you. The orc hits you with a +0 hand axe!
You hit the kobold.
You kill the kobold!
The kobold throws a stone.
The stone closely misses you. The orc hits you with a +0 hand axe.
You are too injured to fight recklessly!
You are too injured to fight recklessly!
You hit the sleepcap. You grab the sleepcap.
The sleepcap is moderately damaged.
You constrict the sleepcap, but do no damage.
The kobold throws a stone.
The stone closely misses you.
Grinder comes into view.
The orc closely misses you. The sleepcap barely misses you.
Unknown command.
You hit the sleepcap but do no damage. You drain the sleepcap.
You tentacle-slap the sleepcap, but do no damage.
The sleepcap is moderately damaged.
You constrict the sleepcap.
Grinder blinks!
The sleepcap releases spores at you.
You are engulfed in a cloud of soporific spores!
You fall asleep.
You lose your grip on the sleepcap.
The orc hits you with a +0 hand axe!
You wake up.
* * * LOW HITPOINT WARNING * * *
Okay, then.
This is a scroll of acquirement!
Something appears before you! The sleepcap releases spores at you.
You die...

...# .... #. #..# .#
#..# K. #..#### .
..... #. #fo# #.##h.#
.. #.....###.# ...
####.......# ....
###........###
....####........#.K.#
...........###..###.#
........#### #...#
... ........# ##..#
.ยง ........# #...


You could see a sleepcap (very drained), an orc and a kobold.

Vanquished Creatures
  An orc wizard (D:4)
  3 gnolls (D:3)
  7 adders
  An ufetubus (D:4)
  2 dart slugs (D:1)
  7 orcs
  6 endoplasms
  A giant cockroach (D:1)
  5 goblins
  3 hobgoblins
  8 jackals
  3 quokkas (D:1)
  8 ball pythons
  8 bats
  3 frilled lizards
  7 kobolds
  2 rats (D:1)
75 creatures vanquished.

Notes
Turn   | Place    | Note
-------+----------+-------------------------------------------
     0 | D:1      | Bnni the Octopode Shapeshifter began the quest for the Orb.
     0 | D:1      | Reached XP level 1. HP: 13/13 MP: 1/1
    81 | D:1      | Reached XP level 2. HP: 9/18 MP: 2/2
   181 | D:1      | Learned a level 1 spell: Apportation
   480 | D:1      | Reached XP level 3. HP: 23/23 MP: 3/3
  1162 | D:2      | Reached XP level 4. HP: 29/29 MP: 4/4
  1722 | D:3      | Reached XP level 5. HP: 17/34 MP: 5/5
  2347 | D:4      | Noticed Grinder
  2349 | D:4      | Identified 2 scrolls of acquirement
  2349 | D:4      | Acquired the ring "Feep" {rPois rF+}
  2349 | D:4      | Slain by a sleepcap

Illustrated notes

Levels and vault maps discovered:
D:1:      dpeg_arrival_arbitrary_a, layout_loops_ring
D:2:      layout_basic, kennysheep_generic_room_10
D:3:      layout_basic, minmay_vboxes
D:4:      layout_rooms, nicolae_ru_great_annihilating_truth,
          portal_sewer_entry_b, uniq_menkaure, uniq_grinder

Skill      XL: |  1  2  3  4  5 |
---------------+----------------+-----
Fighting       | 2 |  2.7
Shapeshifting  | 4 |  4.4
Unarmed Combat | 4 |  4.1
Dodging        | |  2.0

Action                     |  1- 3 |  4- 6 || total
---------------------------+-------+-------++-------
  Melee: Unarmed           |    63 |    37 ||   100
         Constrict         |    14 |    17 ||    31
         Tentacles         |     7 |    10 ||    17
         Punch             |       |     4 ||     4
         Dagger            |       |    31 ||    31
    Use: Potion            |       |     3 ||     3
         Scroll            |       |     1 ||     1
   Stab: Sleeping          |     6 |     6 ||    12
         Invisible         |       |     3 ||     3
 Armour: Skin              |     1 |     5 ||     6
  Dodge: Dodged            |    35 |    60 ||    95

Table legend: (Time is in decaauts)
 A = Elapsed time spent in this place.
 B = Non-inter-level travel time spent in this place.
 C = Inter-level travel time spent in this place.
 D = Time resting spent in this place.
 E = Time spent auto-exploring this place.
 F = Levels seen in this place.
 G = Mean time per level.
                   A        B        C        D        E       F      G
               +--------+--------+--------+--------+--------+-----+--------+
         Total |   2342 |   2291 |     51 |     67 |   1836 |   4 |  585.5 |
       Dungeon |   2342 |   2291 |     51 |     67 |   1836 |   4 |  585.5 |
               +--------+--------+--------+--------+--------+-----+--------+

Top non-repeatable levels by time:
     D:2: 794 daAuts
     D:1: 756 daAuts
     D:3: 753 daAuts
     D:4: 37 daAuts
